Map: Blueshift LE

Players

Harstem - Winner!

  • Race: Protoss Protoss
  • League: Grandmaster
  • Spawn Location: 7:00

Melle

  • Race: Protoss Protoss
  • League: Master
  • Spawn Location: 1:00

Event: DSCL Nationals 2018 - Finals

VOD

Have the link to the VOD?

Description

Time

  • Played on: Dec. 1, 2018, 10:31 a.m.
  • Length: 9:50

All games in this series

Show
View Real Time Build Order
Export as new Build Order

Harstem Protoss - Winner!

Build Orders:  

Get SALT Encoding   

  12  0:00  Probe  
  13  0:13  Probe  
  14  0:17  Pylon  
  14  0:25  Probe  
  15  0:34  Probe  
  15  0:38  Gateway  
  15  0:42  Probe  
  16  0:48  Assimilator  
  17  0:51  Probe  
  18  0:57  Assimilator  
  18  1:03  Probe  
  19  1:08  Gateway  
  19  1:15  Probe  
  20  1:25  Cybernetics Core  
  20  1:27  Probe  
  21  1:33  Pylon  
  21  1:39  Probe  
  22  1:51  Probe  
  22  1:53  Stalker x2  
  25  2:03  Warp Gate  
  27  2:15  Pylon  
  27  2:21  Stalker x2  
  31  2:38  Robotics Facility  
  30  2:44  Probe  
  31  3:06  Nexus  
  31  3:10  Sentry  
  34  3:15  Immortal  
  37  3:32  Pylon  
  37  3:35  Sentry  
  39  3:41  Shield Battery  
  39  3:50  Warp Prism  
  41  4:01  Probe  
  38  4:17  Stalker, Sentry  
  38  4:20  Probe x2, Observer  
  45  4:32  Probe x2  
  46  4:44  Probe x2  
  46  4:46  Stalker  
  46  4:51  Stalker  
  50  4:52  Shield Battery  
  50  4:56  Probe  
  51  5:01  Probe  
  50  5:10  Sentry  
  50  5:13  Probe  
  53  5:14  Stalker  
  53  5:15  Probe  
  56  5:23  Probe  
  56  5:25  Probe  
  58  5:34  Pylon  
  58  5:35  Forge  
  58  5:39  Probe  
  58  5:42  Probe  
  60  5:51  Probe, Pylon  
  60  5:53  Assimilator  
  60  5:54  Probe  
  61  5:57  Assimilator  
  61  6:02  Robotics Bay, Phoenix  
  61  6:03  Probe  
  62  6:06  Stalker  
  62  6:09  Probe  
  65  6:13  Protoss Ground Weapons Level 1  
  65  6:15  Probe  
  66  6:21  Twilight Council  
  66  6:22  Probe  
  66  6:30  Probe  
  67  6:34  Probe  
  68  6:40  Disruptor, Gateway  
  68  6:43  Probe  
  68  6:44  Gateway  
  68  6:46  Probe  
  70  6:48  Pylon  
  70  6:51  Charge  
  73  6:55  Probe  
  73  7:00  Phoenix  
  74  7:02  Stalker  
  74  7:06  Disruptor  
  77  7:12  Shield Battery  
  77  7:15  Pylon  
  76  7:16  Stalker  
  76  7:19  Pylon  
  81  7:27  Probe  
  82  7:30  Zealot  
  82  7:33  Disruptor  
  85  7:42  Probe  
  86  7:54  Photon Cannon  
  86  7:55  Nexus  
  86  7:56  Photon Cannon  
  86  7:58  Stalker  
  88  8:06  Stalker x2  
  88  8:10  Shield Battery  
  88  8:11  Shield Battery  
  88  8:12  Disruptor  
  89  8:32  Stalker x3  
  83  8:44  Stalker  
  83  8:48  Disruptor  
  85  8:53  Probe  
  89  8:56  Stalker x3  
  89  9:02  Gateway  
  95  9:05  Gateway  
  95  9:08  Pylon  
  89  9:21  Stalker x4  
Show
View Real Time Build Order
Export as new Build Order

Melle Protoss 

Build Orders: Oracle Opening 

Get SALT Encoding   

  12  0:00  Probe  
  13  0:12  Probe  
  14  0:17  Pylon  
  14  0:24  Probe  
  15  0:32  Probe  
  15  0:37  Gateway  
  15  0:40  Probe  
  16  0:47  Assimilator  
  17  0:50  Probe  
  18  0:57  Assimilator  
  18  0:59  Probe  
  19  1:08  Probe  
  19  1:09  Gateway  
  19  1:17  Probe  
  21  1:27  Cybernetics Core  
  21  1:30  Probe  
  22  1:37  Pylon  
  22  1:42  Probe  
  23  1:53  Warp Gate  
  23  2:03  Stalker x2  
  27  2:19  Pylon  
  27  2:26  Pylon  
  27  2:33  Stalker  
  27  2:35  Stalker  
  31  2:43  Stargate  
  31  2:48  Probe  
  31  3:10  Shield Battery, Stalker x2  
  35  3:16  Oracle  
  35  3:21  Pylon  
  38  3:49  Nexus  
  38  3:57  Probe  
  39  4:09  Probe  
  38  4:20  Phoenix  
  38  4:22  Probe  
  39  4:26  Adept  
  41  4:34  Probe  
  42  4:40  Phoenix  
  42  4:46  Probe  
  42  4:51  Robotics Facility  
  45  4:53  Sentry  
  47  5:01  Probe  
  47  5:03  Stalker  
  50  5:11  Phoenix  
  50  5:13  Probe  
  51  5:17  Stalker  
  51  5:20  Probe  
  56  5:29  Assimilator  
  56  5:30  Probe  
  56  5:32  Assimilator  
  56  5:33  Pylon  
  57  5:39  Probe, Observer  
  57  5:42  Probe  
  60  5:51  Probe  
  60  5:54  Probe  
  62  5:59  Sentry  
  62  6:03  Probe, Gateway  
  65  6:04  Gateway  
  65  6:06  Probe  
  66  6:15  Probe  
  66  6:17  Pylon  
  67  6:26  Immortal  
  67  6:27  Pylon  
  67  6:29  Sentry  
  69  6:35  Phoenix  
  69  6:39  Sentry  
  77  6:48  Probe  
  77  6:49  Probe  
  77  6:53  Pylon  
  79  7:01  Immortal  
  79  7:03  Phoenix  
  79  7:04  Sentry  
  79  7:07  Zealot  
  85  7:13  Pylon  
  89  7:20  Sentry x2  
  89  7:21  Gateway  
  93  7:25  Pylon  
  93  7:32  Pylon  
  93  7:44  Zealot x4  
  101  7:53  Phoenix  
  101  7:56  Warp Prism  
  105  8:10  Stalker x2  
  105  8:12  Sentry x2  
  105  8:26  Phoenix  
  101  8:33  Immortal  
  71  8:43  Phoenix  
  76  8:59  Stalker x4  
  76  9:00  Stalker  
  83  9:23  Stalker x5  
Tags
 
Add a new tag
Caveats
  • Supply blocks, unpowered buildings, or Contaminate may cause inaccurate times.
  • Supply counts are checked every 10 seconds.